cohdb
Replays
Latest Replays
All Replays
Popular Replays
Top Player Replays
Match Explorer
How It Works
Community
CoH3 Stats
Reddit
Sign in to upload your games and track your stats! →
Sign in with Steam
Match 45278882
Unlisted
Match 45278882
Overview
Messages
Build Orders
End
Construct Infanterie Kompanie
Selects Mechanized Battlegroup
MG 42 Machine Gun Team
Grenadier Squad
Pioneer Squad
MG 42 Machine Gun Team
Grenadier Squad
Construct Panzergrenadier Kompanie
Selects Raid Package
251 Medium Carrier
Selects Mobile Repair Stations
Grenadier Squad
Medical Bunker
MG 42 Machine Gun Team
MG 42 Machine Gun Team
Selects 8 Rad Armored Car
8 Rad Armored Car
Panzergrenadier Squad
8 Rad Armored Car
Grenadier Squad
Pak 40 Anti-tank Gun Team
Infanterie Officer Quarters
Panzergrenadier Officer Quarters
Support Elements
Nebelwerfer 42 Rocket Launcher Team
Selects Panther Heavy Tank
Dromaeda
看来打不过了开摆
STALKER4732
Devochkin
0
0
Comments
sign in to comment!
No comments posted yet!